 Dungeon Crawl Stone Soup version 0.27-a0-1065-ge809cff456 (webtiles) character file.

Game seed: 10425210774034701410

758 wakim the Chopper (level 7, -1/61 HPs)
             Began as a Hill Orc Fighter on Apr 22, 2021.
             Was an Initiate of the Shining One.
             Succumbed to a water moccasin's poison
             ... on level 5 of the Dungeon.
             The game lasted 00:13:20 (4863 turns).

wakim the Chopper (Hill Orc Fighter)                Turns: 4863, Time: 00:13:21

Health: -1/61      AC: 11    Str: 21    XL:     7   Next: 80%
Magic:  9/9        EV:  5    Int:  8    God:    the Shining One [......]
Gold:   244        SH:  9    Dex: 10    Spells: 6/6 levels left

rFire    . . .     SeeInvis .   a - +1 war axe
rCold    . . .     Faith    .   c - +0 kite shield
rNeg     . . .     Spirit   .   d - +0 chain mail
rPois    .         Reflect  .   (no helmet)
rElec    .         Harm     .   (no cloak)
rCorr    .         Rampage  .   j - +0 pair of gloves
Will     .....                  (no boots)
Stlth    ..........             k - amulet of magic regeneration
HPRegen  0.20/turn              i - ring of flight
MPRegen  0.36/turn              (no ring)

@: lethally poisoned (-1 -> -7), flying, glowing
A: no striking features
a: Renounce Religion


You were on level 5 of the Dungeon.
You worshipped the Shining One.
The Shining One was noncommittal.
You visited 2 branches of the dungeon, and saw 6 of its levels.

You collected 244 gold pieces.

Inventory:

Hand Weapons
 a - a +1 war axe (weapon)
Missiles
 e - 4 poisoned darts (quivered)
 f - 55 bolts
Armour
 c - a +0 kite shield (worn)
 d - a +0 chain mail (worn)
 j - a +0 pair of gloves (worn)
Jewellery
 i - a ring of flight (left hand)
 k - an amulet of magic regeneration (around neck)
Wands
 w - a wand of acid (11)
Scrolls
 b - 2 scrolls of enchant weapon
 r - 6 scrolls of identify
 Y - a scroll of blinking {!r}
Potions
 h - a potion of mutation {unknown}
 F - a potion of curing
 N - a potion of might


   Skills:
 + Level 5.3 Fighting
 * Level 6.9 Axes
 * Level 6.2 Armour
 - Level 4.0 Shields
 + Level 3.1 Invocations


You had 6 spell levels left.
You didn't know any spells.
Your spell library was empty.

Dungeon Overview and Level Annotations

Branches:
Dungeon (5/15)             Temple (1/1) D:4

Altars:
Ashenzari
Cheibriados
Elyvilon
Gozag
Hepliaklqana
Okawaru
Ru
Trog
Uskayaw
Wu Jian
Yredelemnul
Zin
The Shining One

Annotations:
D:3 Grinder


Message History

The water moccasin bites you.
You are poisoned.
The water moccasin poisons you! The water moccasin barely misses you.
You feel very sick.
Unknown command.
Okay, then.
There are monsters nearby!
You feel very sick. You block the water moccasin's attack.
Unknown command.
You feel sick.
You feel sick.
You feel sick. The water moccasin bites you.
* * * LOW HITPOINT WARNING * * *
You are lethally poisoned!
The water moccasin poisons you!
* * * LOW HITPOINT WARNING * * *
You feel very sick.
* * * LOW HITPOINT WARNING * * *
You feel very sick. You block the water moccasin's attack.
You feel better.
The water moccasin bites you but does no damage.
The water moccasin bites you.
* * * LOW HITPOINT WARNING * * *
You closely miss the water moccasin. The water moccasin bites you.
* * * LOW HITPOINT WARNING * * *
You are lethally poisoned!
The water moccasin poisons you!
You hit the water moccasin.
The water moccasin is lightly wounded.
* * * LOW HITPOINT WARNING * * *
You feel very sick.
The water moccasin bites you but does no damage.
The water moccasin bites you.
* * * LOW HITPOINT WARNING * * *
You block the water moccasin's attack.
You hit the water moccasin but do no damage.
The water moccasin is lightly wounded.
You die...

#.# #.# ##.###.# #####.###.##
#.# #.###...>..# #...#......#
#.# #..........####.#.....รท...
#.#########.............#####..#
................#......###..#
########.......(#.####.##...#
#...#...###.## #.##....
#.###...##...###.##...# #.#
##@##.#.#.##.####.# #.#
#S#.##.##.#.####.# #.#
#O...............( #.#
##...##.##.########
.####.#####.#.## #...
##.......#...## #.##
#.#._.#.##.## #.## ##.......##.#
#.## #.........#.# #.##


You could see a two-headed ogre and a water moccasin.

Vanquished Creatures
  A water moccasin (D:5)
  An ice beast (D:5)
  A black bear (D:5)
  A necrophage (D:3)
  An ogre (D:4)
  A hound (D:5)
  4 jellies
  An iguana (D:4)
  4 gnolls
  3 adders
  A dart slug (D:3)
  2 orcs
  2 ball pythons (D:1)
  4 bats
  2 endoplasms
  A giant cockroach (D:2)
  7 goblins
  8 hobgoblins
  6 jackals
  5 quokkas
  A frilled lizard (D:1)
  4 kobolds
  8 rats
69 creatures vanquished.

Vanquished Creatures (others)
  A withered plant (D:1)
1 creature vanquished.

Grand Total: 70 creatures vanquished

Notes
Turn   | Place    | Note
-------+----------+-------------------------------------------
     0 | D:1      | wakim the Hill Orc Fighter began the quest for the Orb.
     0 | D:1      | Reached XP level 1. HP: 19/19 MP: 1/1
   339 | D:1      | Reached XP level 2. HP: 27/27 MP: 2/2
   489 | D:1      | Reached XP level 3. HP: 24/33 MP: 3/3
   568 | D:1      | Found a faded altar of an unknown god.
  1537 | D:2      | Reached XP level 4. HP: 35/40 MP: 4/4
  2238 | D:3      | Noticed Grinder
  2305 | D:4      | Reached XP level 5. HP: 41/46 MP: 5/5
  2379 | D:4      | Found a staircase to the Ecumenical Temple.
  2430 | Temple   | Entered the Ecumenical Temple
  2709 | Temple   | Became a worshipper of the Shining One
  2903 | D:4      | Noticed an ogre
  3000 | D:3      | Paralysed by Grinder for 4 turns
  3009 | D:3      | Paralysed by Grinder for 3 turns
  3016 | D:3      | Noticed a necrophage
  3405 | D:3      | Killed a necrophage
  3406 | D:3      | Reached skill level 5 in Axes
  3406 | D:3      | Reached skill level 1 in Invocations
  3406 | D:3      | Reached XP level 6. HP: 44/53 MP: 6/6
  3480 | D:4      | Reached skill level 5 in Armour
  3579 | D:4      | Found a broken altar of Ashenzari.
  3799 | D:4      | Found a white marble altar of Elyvilon.
  3973 | D:5      | Entered Level 5 of the Dungeon
  4081 | D:5      | Found a hide-covered altar of Uskayaw.
  4088 | D:5      | Noticed a black bear
  4104 | D:5      | Killed a black bear
  4105 | D:5      | Reached skill level 5 in Fighting
  4105 | D:5      | Reached XP level 7. HP: 28/61 MP: 8/8
  4823 | D:5      | Noticed a two-headed ogre
  4862 | D:5      | HP: 1/61 [water moccasin (4)]
  4863 | D:5      | Succumbed to a water moccasin's poison

Illustrated notes

Levels and vault maps discovered:
D:1:      mushboom_english_gardens, layout_basic,
          ebering_ecumenical_altar_petrified, wad_floor_pattern_2,
          minmay_tripent
D:2:      layout_loops_ring, grunt_decor_mini_mirrors,
          minmay_misc_feat_secret_circle
D:3:      layout_rooms, ebering_dispersal_statue_hall, hangedman_decor_points,
          kennysheep_generic_room_5, uniq_grinder
D:4:      layout_cave_pools, ashenzari_conservatory_becter, elyvilon_altar_3,
          minmay_temple_entry_stoned_glass
D:5:      layout_loops_ring, nicolae_uskayaw_dance_hall, lemuel_tele_altar,
          minmay_chambers_of_fives, uniq_sigmund
Temple:   dpeg_chambers_temple

Skill      XL: |  1  2  3  4  5  6  7 |
---------------+----------------------+-----
Axes           | 3 4 5 6 |  6.9
Fighting       | 4 5 |  5.3
Armour         | 4 5 6 |  6.2
Shields        | 4 |  4.0
Invocations    | 1 2 3 |  3.1

Action                   |  1- 3 |  4- 6 |  7- 9 || total
-------------------------+-------+-------+-------++-------
Melee: War axe           |    99 |   106 |    32 ||   237
Throw: Dart              |       |    28 |     3 ||    31
  Use: Scroll            |     4 |     6 |       ||    10
       Potion            |       |     2 |     2 ||     4
Armor: Chain mail        |    54 |    62 |    16 ||   132
       Scale mail        |     1 |       |       ||     1
Dodge: Dodged            |    27 |    29 |     7 ||    63
Block: Kite shield       |    55 |    59 |    17 ||   131

Table legend: (Time is in decaauts)
 A = Elapsed time spent in this place.
 B = Non-inter-level travel time spent in this place.
 C = Inter-level travel time spent in this place.
 D = Time resting spent in this place.
 E = Time spent auto-exploring this place.
 F = Levels seen in this place.
 G = Mean time per level.
                   A        B        C        D        E       F      G
               +--------+--------+--------+--------+--------+-----+--------+
         Total |   4974 |   4733 |    241 |    263 |   3422 |   6 |  829.0 |
       Dungeon |   4681 |   4479 |    202 |    263 |   3214 |   5 |  936.2 |
        Temple |    292 |    253 |     39 |      0 |    208 |   1 |  292.0 |
               +--------+--------+--------+--------+--------+-----+--------+

Top non-repeatable levels by time:
     D:1: 1121 daAuts
     D:2: 920 daAuts
     D:4: 913 daAuts
     D:5: 908 daAuts
     D:3: 816 daAuts
  Temple: 292 daAuts
